AoeStats
← MeowMe

African Clearing

505845423Analyzed
3v3 RM · 20d ago on Sep 11, 2026· 45m 44s· 6 players
Game mode
Random Map
Map size
Normal (6 player)
Population
200
Speed
Normal
Resources
Standard
Victory
Conquest
Starting age
Dark Age
Ending age
Imperial Age
RankedLock teamsTeams togetherTeam positionsShared explorationLock speedFull tech treeHidden civsTurbo modeCheats
Victory
Defeat
🇦🇺 Japanese · Australia
1504
+13
🇦🇺 Chinese · Australia
1501
+13
🇦🇺 Persians · Australia
1414
+17
🇧🇾 Vikings · Belarus
1492
-16
🇬🇪 Jurchens · Georgia
1421
-14
🇷🇺 Chinese · Russia
1415
-13
SiraZaika
3:05 Loom
13:12 Feudal Age
14:35 Town Watch
14:48 Double-Bit Axe
17:35 Castle Age
16:20 Fletching
18:27 Bodkin Arrow
20:11 Wheelbarrow
24:47 Padded Archer Armor
31:39 Pikeman
32:21 Scale Mail Armor
34:18 Scale Mail Armor
34:28 Forging
34:48 Squires
37:01 Chain Mail Armor
36:56 Forging
39:46 Iron Casting
MeowMe
2:49 Loom
16:06 Feudal Age
17:34 Town Watch
20:23 Castle Age
19:35 Double-Bit Axe
20:01 Fletching
21:16 Bow Saw
22:09 Bow Saw
22:37 Horse Collar
27:55 Padded Archer Armor
28:35 Bodkin Arrow
37:35 Gold Mining
37:36 Stone Mining
39:05 Treadmill Crane
39:46 Ballistics
OLADUSHEK
11:49 Loom
13:58 Feudal Age
14:35 Town Watch
14:38 Fishing Lines
17:50 Castle Age
16:09 Double-Bit Axe
18:16 Scale Mail Armor
18:50 Bow Saw
24:20 Squires
24:56 Arson
26:07 Forging
26:47 Chain Mail Armor
28:18 Iron Casting
29:11 Horse Collar
33:25 Chieftains
40:08 Imperial Age
40:16 Elite Berserk
42:07 Blast Furnace
41:41 Conscription
42:10 Plate Mail Armor
42:26 Gold Mining
44:31 Fletching
Lloydy_23
3:24 Loom
13:38 Feudal Age
14:51 Double-Bit Axe
17:18 Castle Age
15:52 Scale Barding Armor
15:58 Forging
16:30 Bloodlines
19:17 Wheelbarrow
18:52 Bow Saw
22:15 Horse Collar
24:25 Wheelbarrow
28:19 Hand Cart
30:17 Town Watch
33:23 Chain Barding Armor
35:44 Imperial Age
34:42 Iron Casting
34:27 Town Patrol
34:21 Gold Mining
34:34 Fletching
36:12 Bodkin Arrow
35:47 Cavalier
37:03 Plate Barding Armor
37:34 Blast Furnace
37:30 Husbandry
37:31 Bracer
37:32 Padded Archer Armor
38:30 Ballistics
39:11 Chemistry
38:53 Conscription
39:42 Rocketry
40:09 Gold Shaft Mining
39:53 Elite Chu Ko Nu
41:34 Leather Archer Armor
44:29 Ring Archer Armor
45:43 Two-Man Saw
44:45 Heavy Plow
Stev
10:44 Loom
12:58 Feudal Age
22:05 Castle Age
22:54 Elite Skirmisher
26:00 Fletching
26:10 Padded Archer Armor
27:41 Wheelbarrow
28:07 Bodkin Arrow
32:06 Horse Collar
36:15 Ballistics
37:28 Leather Archer Armor
45:58 Imperial Age
43:23 Double-Bit Axe
43:53 Scale Mail Armor
44:03 Forging
43:55 Town Watch
45:03 Chain Mail Armor
45:14 Crossbowman
46:40 Iron Casting
Aido
5:29 Loom
12:53 Feudal Age
16:43 Castle Age
15:09 Double-Bit Axe
15:28 Gold Mining
17:36 Bow Saw
18:04 Town Watch
20:19 Stone Mining
20:57 Horse Collar
21:26 Fletching
24:02 Scale Barding Armor
24:08 Forging
24:13 Bloodlines
28:12 Bodkin Arrow
31:07 Chain Barding Armor
32:43 Iron Casting
33:04 Husbandry
35:44 Wheelbarrow
46:23 Gold Shaft Mining
Connection lost

Rejoining the realm…

Still unreachable

The connection could not be restored.

Session expired

The server has moved on; the page needs a fresh start.